Map: Eternal Empire LE

Players

fuar - Winner!

  • Race: Terran Terran
  • League: Platinum
  • Spawn Location: 1:00

prospeKt

  • Race: Zerg Zerg
  • League: Platinum
  • Spawn Location: 7:00

VOD

Have the link to the VOD?

Description

Time

  • Played on: May 28, 2020, 11:27 a.m.
  • Length: 8:18
Show
View Real Time Build Order
Export as new Build Order

fuar Terran - Winner!

Build Orders: Hellion Banshee 

Get SALT Encoding   

  12  0:01  SCV  
  14  0:14  SCV  
  14  0:18  Supply Depot  
  14  0:26  SCV  
  15  0:39  SCV  
  15  0:41  Barracks  
  16  0:51  Refinery  
  16  0:52  SCV  
  17  1:04  SCV  
  18  1:16  SCV  
  19  1:28  Orbital Command  
  19  1:29  Marine  
  20  1:41  Command Center  
  20  1:50  Marine  
  20  1:52  Supply Depot  
  21  1:57  SCV  
  22  2:06  Factory  
  22  2:11  Marine  
  22  2:14  SCV  
  24  2:18  Refinery  
  24  2:26  SCV  
  24  2:29  Marine  
  26  2:38  SCV  
  27  2:50  SCV  
  28  2:54  Bunker, Factory Reactor  
  28  2:55  Marine  
  29  3:02  SCV  
  29  3:05  Starport  
  30  3:08  Starport  
  30  3:09  Orbital Command  
  30  3:17  SCV  
  31  3:23  Armory  
  31  3:32  SCV  
  34  3:34  Hellion  
  34  3:36  Hellion  
  34  3:40  SCV  
  37  3:48  Starport Tech Lab x2  
  37  3:49  SCV  
  38  3:58  SCV  
  38  4:00  Hellion  
  41  4:03  Refinery  
  41  4:04  Hellion  
  41  4:06  Refinery  
  43  4:10  Supply Depot  
  43  4:13  Supply Depot  
  43  4:14  SCV  
  43  4:16  SCV  
  45  4:27  SCV  
  46  4:31  Banshee x2  
  52  4:38  Supply Depot x2  
  52  4:40  SCV x2  
  52  4:44  Hellion  
  56  4:48  Hellion  
  58  4:55  SCV x2  
  58  4:56  Terran Vehicle Weapons Level 1  
  58  4:57  Marine  
  61  5:06  Supply Depot  
  61  5:07  SCV x2  
  62  5:09  Hellion  
  62  5:13  Hellion  
  67  5:16  Banshee  
  67  5:19  SCV x2  
  67  5:20  Banshee  
  75  5:24  Supply Depot  
  75  5:31  SCV x2  
  77  5:37  Hellion x2  
  77  5:41  Supply Depot  
  77  5:42  Supply Depot  
  81  5:44  Marine  
  81  5:48  Cloaking Field  
  82  6:01  Marine  
  82  6:02  Banshee  
  82  6:03  Banshee, Supply Depot x2, Hellion x2  
  93  6:19  Marine  
  94  6:29  Hellion  
  94  6:30  Hellion  
  96  6:44  Banshee  
  91  6:49  Banshee  
  91  6:51  Hellion x2  
  95  7:02  Marine  
  74  7:25  Hellion  
  74  7:26  Hellion  
  74  7:27  Banshee  
  79  7:47  Hellion x2  
Show
View Real Time Build Order
Export as new Build Order

prospeKt Zerg 

Build Orders: Hatch First 

Get SALT Encoding   

  12  0:01  Drone  
  13  0:12  Overlord  
  13  0:16  Drone  
  14  0:31  Drone x2  
  17  0:35  Drone  
  17  0:53  Hatchery  
  17  0:55  Drone  
  17  1:01  Drone  
  18  1:14  Spawning Pool  
  18  1:16  Drone  
  18  1:19  Drone  
  18  1:24  Extractor  
  18  1:28  Drone  
  19  1:42  Drone  
  20  1:55  Drone  
  21  2:05  Queen x2  
  21  2:07  Drone x2  
  27  2:11  Overlord  
  27  2:21  Drone  
  28  2:29  Drone x2  
  30  2:33  Overlord  
  30  2:38  Drone  
  31  2:45  Overlord  
  31  2:50  Queen  
  33  2:52  Lair  
  33  2:54  Drone x2  
  35  3:03  Drone  
  36  3:08  Drone  
  37  3:14  Drone x4  
  37  3:16  Hatchery  
  37  3:17  Drone  
  41  3:21  Drone x2  
  41  3:23  Drone  
  44  3:28  Extractor  
  44  3:33  Extractor  
  42  3:35  Overlord, Drone  
  42  3:36  Drone  
  42  3:41  Drone  
  45  3:51  Drone  
  45  3:52  Drone  
  47  4:00  Roach Warren  
  47  4:01  Drone x2  
  47  4:02  Evolution Chamber  
  47  4:10  Drone x3  
  47  4:11  Drone x3  
  53  4:25  Drone x2  
  53  4:28  Overlord  
  55  4:35  Drone x5  
  60  4:40  Glial Reconstitution  
  60  4:44  Roach x3  
  66  4:54  Roach x4  
  66  4:57  Overlord x2  
  74  5:01  Extractor  
  74  5:02  Extractor  
  74  5:03  Roach  
  74  5:16  Overlord x3  
  74  5:18  Drone  
  74  5:19  Drone x5  
  80  5:36  Drone x9  
  80  5:37  Drone x2  
  91  5:49  Drone x3  
  94  5:53  Hydralisk Den  
  93  5:57  Evolution Chamber  
  93  5:58  Drone x2  
  93  6:00  Overlord x2  
  93  6:01  Drone  
  95  6:16  Drone  
  95  6:17  Overlord x2, Drone x3  
  95  6:18  Drone x3  
  101  6:19  Drone  
  101  6:22  Hatchery  
  102  6:31  Hydralisk x3  
  107  6:40  Hydralisk x3  
  107  6:41  Hydralisk x6  
  107  6:46  Hydralisk x2  
  122  6:49  Hydralisk  
  90  6:58  Hydralisk x3  
  93  7:06  Hydralisk  
  78  7:15  Hydralisk  
  78  7:18  Hydralisk  
  74  7:24  Hydralisk x4  
  74  7:28  Hydralisk x3  
  82  7:35  Overseer  
  78  7:42  Hydralisk x3  
  78  7:43  Hatchery  
  81  7:47  Hydralisk  
Tags
 
Add a new tag
Caveats
  • Supply blocks, unpowered buildings, or Contaminate may cause inaccurate times.
  • Supply counts are checked every 10 seconds.